 Dungeon Crawl Stone Soup version 0.28-a0-895-g6e5f11bd55 (webtiles) character file.

Game seed: 6746025318343572134

63 bande the Covered (level 4, 0/29 HPs)
             Began as a Gargoyle Fighter on Nov 22, 2021.
             Slain by Robin (2 damage)
             ... on level 2 of the Dungeon.
             The game lasted 00:01:31 (955 turns).

bande the Covered (Gargoyle Fighter)                 Turns: 955, Time: 00:01:31

Health: 0/29       AC: 11    Str: 20 (21) XL:     4   Next: 9%
Magic:  4/4        EV:  9    Int:  6 (8)  God:
Gold:   25         SH:  4    Dex:  6 (9)  Spells: 3/3 levels left

rFire   . . .      SeeInvis .   a - +0 war axe
rCold   . . .      Faith    .   c - +0 buckler
rNeg    + . .      Spirit   .   b - +0 scale mail
rPois   ∞          Reflect  .   (no helmet)
rElec   +          Harm     .   (no cloak)
rCorr   .          Rampage  .   e - +0 pair of gloves
Will    .....                   (no boots)
Stlth   ..........              (no amulet)
HPRegen 0.09/turn               (no ring)
MPRegen 0.09/turn               (no ring)

@: mighty
A: sickness immunity, AC +3, negative energy resistance 1, electricity
resistance, torment resistance 1, petrification resistance
a: no special abilities


You were on level 2 of the Dungeon.
You visited 1 branch of the dungeon, and saw 2 of its levels.

You collected 25 gold pieces.

Inventory:

Hand Weapons
 a - a +0 war axe (weapon)
Armour
 b - a +0 scale mail (worn)
 c - a +0 buckler (worn)
 e - a +0 pair of gloves (worn)
Scrolls
 f - a scroll of amnesia {unknown}
 g - a scroll of summoning {unknown}
 h - a scroll of blinking {unknown}


   Skills:
 + Level 3.7 Fighting
 + Level 2.9 Axes
 + Level 3.8 Armour
 - Level 0.2 Dodging
 + Level 3.5 Shields


You had 3 spell levels left.
You didn't know any spells.
Your spell library contained the following spells:

 Spells                   Type           Power      Damage    Failure   Level
 Magic Dart               Conj           0%         1d3       82%         1
 Slow                     Hex            0%         N/A       82%         1
 Searing Ray              Conj           0%         2d4       91%         2
 Confusing Touch          Hex            0%         N/A       99%         3
 Fulminant Prism          Conj/Hex       0%         3d6       100%        4
 Yara's Violent Unravell  Hex/Tmut       0%         3d3       100%        5


Dungeon Overview and Level Annotations

Branches:
Dungeon (2/15)

Altars:
Dithmenos

Annotations:
D:2 Robin


Innate Abilities, Weirdness & Mutations

You are immune to sickness and miasma.
Your stone body is resilient. (AC +3)
You are immune to poison.
You resist negative energy. (rN+)
You are resistant to electric shocks. (rElec)
You are resistant to unholy torment.
You are immune to petrification.


Message History

The adder barely misses you.
You slash the adder!
You kill the adder!
Robin throws the goblin at you! The goblin hits you but does no damage.
You barely miss the hobgoblin. You hit the goblin.
You kill the goblin!
The hobgoblin hits you.
* * * LOW HITPOINT WARNING * * *
Robin throws the goblin at you! The goblin hits you with a +0 dagger.
* * * LOW HITPOINT WARNING * * *
The hobgoblin barely misses you.
You have reached level 4!
You feel stronger.
It was a potion of degeneration.
There was something very wrong with that liquid.
You feel weakened.
You feel dopey.
You feel clumsy. The goblin hits you but does no damage.
You block the hobgoblin's attack.
You feel very mighty all of a sudden. The goblin hits you with a +0 dagger.
* * * LOW HITPOINT WARNING * * *
The hobgoblin misses you.
You slash the hobgoblin!
You kill the hobgoblin!
You hit the goblin.
You kill the goblin!
You closely miss the goblin. The goblin closely misses you.
The goblin hits you but does no damage.
You miss the goblin. The goblin hits you but does no damage.
You slice the goblin!!
You kill the goblin!
Robin throws the goblin at you! The goblin misses you.
Things that are here:
a +0 club; a goblin corpse; a hobgoblin corpse You barely miss Robin.
You slash the goblin!
You kill the goblin!
Robin misses you. Robin closely misses you.
You hit Robin.
Robin is moderately wounded.
Robin hits you with a +0 falchion.
You die...

..#####.
#....g.....#
.........# #.....#
..#.####.# ####.##
.##.####.# #.#
.......#.## ##.#
###.......# #..#
#.......# #.##
#†......# #g#
###...._..# #@#
..........# #)#
.##.......# #)# .
#.......#### #.#
.##.######...###.#
....# #.......#
....# #...#####
....#######.##
._......###.#


You could see Robin.

Vanquished Creatures
  2 adders (D:2)
  2 dart slugs
  2 ball pythons (D:1)
  2 endoplasms (D:1)
  A giant cockroach (D:1)
  13 goblins
  5 hobgoblins
  A kobold (D:1)
  A quokka (D:1)
  4 bats (D:1)
  A frilled lizard (D:1)
  4 rats (D:1)
38 creatures vanquished.

Notes
Turn   | Place    | Note
-------+----------+-------------------------------------------
     0 | D:1      | bande the Gargoyle Fighter began the quest for the Orb.
     0 | D:1      | Reached XP level 1. HP: 14/14 MP: 1/1
   112 | D:1      | Reached XP level 2. HP: 15/19 MP: 2/2
   594 | D:1      | Reached XP level 3. HP: 23/23 MP: 3/3
   873 | D:2      | Found a faded altar of an unknown god.
   884 | D:2      | Found a shadowy altar of Dithmenos.
   921 | D:2      | Noticed Robin
   947 | D:2      | Reached XP level 4. HP: 4/29 MP: 4/4
   948 | D:2      | HP: 1/29 [goblin[Robin] (3)]
   955 | D:2      | Slain by Robin

Illustrated notes

Levels and vault maps discovered:
D:1:      psy_arrival_spokes, layout_basic
D:2:      wad_river_or_something, layout_loops_cross, basic_ecumenical_altar,
          basic_altar, minivault_5, uniq_robin

Skill      XL: |  1  2 |
---------------+-------+-----
Axes           | 2 |  2.9
Fighting       | |  3.7
Armour         | |  3.8
Dodging        | |  0.2
Shields        | |  3.5

Action                   |  1- 3 |  4- 6 || total
-------------------------+-------+-------++-------
Melee: War axe           |    62 |     6 ||    68
  Use: Potion            |       |     2 ||     2
Armor: Scale mail        |    36 |     4 ||    40
Dodge: Dodged            |    28 |     5 ||    33
Block: Buckler           |    11 |     1 ||    12

Table legend: (Time is in decaauts)
 A = Elapsed time spent in this place.
 B = Non-inter-level travel time spent in this place.
 C = Inter-level travel time spent in this place.
 D = Time resting spent in this place.
 E = Time spent auto-exploring this place.
 F = Levels seen in this place.
 G = Mean time per level.
                   A        B        C        D        E       F      G
               +--------+--------+--------+--------+--------+-----+--------+
         Total |    981 |    981 |      0 |      0 |    755 |   2 |  490.5 |
       Dungeon |    981 |    981 |      0 |      0 |    755 |   2 |  490.5 |
               +--------+--------+--------+--------+--------+-----+--------+

Top non-repeatable levels by time:
     D:1: 880 daAuts
     D:2: 101 daAuts
